 Dungeon Crawl Stone Soup version 0.30-a0-528-g8c47a4955b (webtiles) character file.

Game seed: 18135776717160963296

147 bande the Trooper (level 5, -1/33 HPs)
             Began as a Gargoyle Fighter on Dec 23, 2022.
             Slain by an orc
             ... wielding a +0 war axe
              (9 damage)
             ... on level 3 of the Dungeon.
             The game lasted 00:03:55 (1920 turns).

bande the Trooper (Gargoyle Fighter)                Turns: 1920, Time: 00:03:56

Health: -1/33      AC: 12    Str: 19    XL:     5   Next: 29%
Magic:  5/5        EV:  9    Int:  9    God:
Gold:   215        SH:  4    Dex: 11    Spells: 4/4 levels left

rFire   . . .      SeeInvis .    a - +0 war axe
rCold   . . .      Faith    .    c - +0 buckler
rNeg    + . .      Spirit   .    b - +0 scale mail
rPois   ∞          Reflect  .    g - +0 helmet
rElec   +          Harm     .    (no cloak)
rCorr   .          Rampage  .    (no gloves)
Will    .....                    (no boots) Stlth
                                 (no amulet)
HPRegen 0.25/turn                (no ring)
MPRegen 0.09/turn                (no ring)

@: no status effects
A: sickness immunity, AC +4, negative energy resistance 1, electricity
resistance, torment resistance 1, petrification resistance
a: no special abilities


You were on level 3 of the Dungeon.
You visited 1 branch of the dungeon, and saw 3 of its levels.

You collected 215 gold pieces.

Inventory:

Hand Weapons
 a - a +0 war axe (weapon)
 o - a +0 war axe
Armour
 b - a +0 scale mail (worn)
 c - a +0 buckler (worn)
 g - a +0 helmet (worn)
Wands
 i - a wand of acid (11)
 k - a wand of flame (28)
 l - a wand of roots (7)
Scrolls
 e - 3 scrolls of teleportation {unknown}
 m - a scroll of vulnerability {unknown}
 n - a scroll of magic mapping {unknown}
 p - a scroll of noise {unknown}
Potions
 d - a potion of might
 f - 2 potions of mutation {unknown}
 h - a potion of haste {unknown}
 j - a potion of lignification {unknown}
 q - a potion of ambrosia {unknown}


   Skills:
 + Level 4.1 Fighting
 + Level 3.1 Axes
 + Level 4.0 Armour
 + Level 3.9 Shields
 * Level 1.1 Evocations


You had 4 spell levels left.
You didn't know any spells.
Your spell library contained the following spells:

 Spells                   Type           Power      Damage    Failure   Level
 Passage of Golubria      Tloc           0%         N/A       100%        4
 Silence                  Hex/Air        0%         N/A       100%        5
 Lehudib's Crystal Spear  Conj/Erth      0%         10d2      100%        8


Dungeon Overview and Level Annotations

Branches:
Dungeon (3/15)

Altars:
Kikubaaqudgha
Uskayaw

Shops:
D:2 ?:


Innate Abilities, Weirdness & Mutations

You are immune to sickness and miasma.
Your stone body is resilient. (AC +4)
You are immune to poison.
You resist negative energy. (rN+)
You are resistant to electric shocks. (rElec)
You are resistant to unholy torment.
You are immune to petrification.


Message History

There are monsters nearby!
The orc shouts!
You hear a shout! x2
An orc comes into view. It is wielding a +0 dagger.
The orc priest completely misses you.
You slash the orc priest!
The orc priest is heavily wounded.
The orc priest invokes the aid of Beogh against you.
Beogh smites you!
You hit the orc priest but do no damage.
The orc priest is heavily wounded.
The orc priest hits you but does no damage.
You slash the orc priest!
You kill the orc priest!
Your Axes skill increases to level 3!
Your Armour skill increases to level 4!
Your Evocations skill increases to level 1!
You have reached level 5!
The orc barely misses you.
Things that are here:
a +0 dagger; a +0 ring mail; an orc corpse You closely miss the orc.
The orc hits you but does no damage.
You slash the orc!
You kill the orc!
The orc closely misses you.
An orc comes into view. It is wielding a +0 war axe.
You barely miss the orc. The orc hits you with a +0 mace.
You slash the orc!
You kill the orc!
The orc barely misses you.
You barely miss the orc. The orc hits you with a +0 dagger.
You barely miss the orc. The orc hits you but does no damage.
You slash the orc!
You kill the orc!
The orc hits you with a +0 war axe!
You barely miss the orc. The orc hits you with a +0 war axe.
* * * LOW HITPOINT WARNING * * *
You closely miss the orc. The orc hits you with a +0 war axe.
* * * LOW HITPOINT WARNING * * *
You barely miss the orc. You block the orc's attack.
The orc hits you with a +0 war axe!
You die...

### ).# #.# #.#######
..........###.#########
#.#######......o@.....#
#.###########.#######.#
......... #.# ..#######
#.# #.# #.# #.# #.# #.#
#.# #.## #.#
...######## #.######


You could see an orc.

Vanquished Creatures
  An orc priest (D:3)
  Robin (D:3)
  2 adders
  2 worms (D:2)
  2 dart slugs
  6 orcs (D:3)
  7 bats
  3 endoplasms
  3 giant cockroaches
  14 goblins
  10 hobgoblins
  6 ball pythons
  3 frilled lizards
  5 kobolds
  5 rats
70 creatures vanquished.

Vanquished Creatures (others)
  5 plants (D:1)
5 creatures vanquished.

Grand Total: 75 creatures vanquished

Notes
Turn   | Place    | Note
-------+----------+-------------------------------------------
     0 | D:1      | bande the Gargoyle Fighter began the quest for the Orb.
     0 | D:1      | Reached XP level 1. HP: 14/14 MP: 1/1
   123 | D:1      | Reached XP level 2. HP: 18/19 MP: 2/2
   486 | D:1      | Found a faded altar of an unknown god.
   577 | D:1      | Reached XP level 3. HP: 24/24 MP: 3/3
   887 | D:2      | Found Eppot's Magic Scroll Boutique.
  1314 | D:2      | Found Vouhi's Book Boutique.
  1506 | D:3      | Reached XP level 4. HP: 29/29 MP: 4/4
  1676 | D:3      | Found a hide-covered altar of Uskayaw.
  1676 | D:3      | Found an ancient bone altar of Kikubaaqudgha.
  1757 | D:3      | Noticed Robin
  1768 | D:3      | Killed Robin
  1910 | D:3      | Reached skill level 1 in Evocations
  1910 | D:3      | Reached XP level 5. HP: 25/33 MP: 5/5
  1920 | D:3      | Slain by an orc

Illustrated notes

Levels and vault maps discovered:
D:1:      dpeg_arrival_rooms_c, layout_loops_ring,
          hellmonk_ecumenical_altar_heavens_door, serial_forest,
          infiniplex_forest_clump_double, infiniplex_forest_corner_2,
          infiniplex_forest_straight_4, infiniplex_forest_lined_room_2,
          infiniplex_forest_split, infiniplex_forest_3_way,
          infiniplex_forest_clump_long, infiniplex_forest_clump_small,
          infiniplex_forest_end_1, amcnicky_mini_rare_corridor_liquid,
          hangedman_decor_riveting, hangedman_feature_mirror
D:2:      layout_rooms, serial_shops, shop, nicolae_shop_hallway_plus
D:3:      layout_loops_ring, mainiacjoe_overflow_divided_tiny,
          chequers_serial_rivers_small_b, uniq_robin

Skill      XL: |  1  2  3  4 |
---------------+-------------+-----
Axes           | 2 3 |  3.1
Fighting       | 4 |  4.1
Armour         | 4 |  4.0
Evocations     | 1 |  1.1
Shields        | |  3.9

Action                   |  1- 3 |  4- 6 || total
-------------------------+-------+-------++-------
Melee: War axe           |   107 |    71 ||   178
Armor: Scale mail        |    69 |    42 ||   111
Dodge: Dodged            |    59 |    36 ||    95
Block: Buckler           |    34 |    13 ||    47

Table legend: (Time is in decaauts)
 A = Elapsed time spent in this place.
 B = Non-inter-level travel time spent in this place.
 C = Inter-level travel time spent in this place.
 D = Time resting spent in this place.
 E = Time spent auto-exploring this place.
 F = Levels seen in this place.
 G = Mean time per level.
                   A        B        C        D        E       F      G
               +--------+--------+--------+--------+--------+-----+--------+
         Total |   1996 |   1961 |     35 |      0 |   1445 |   3 |  665.3 |
       Dungeon |   1996 |   1961 |     35 |      0 |   1445 |   3 |  665.3 |
               +--------+--------+--------+--------+--------+-----+--------+

Top non-repeatable levels by time:
     D:1: 916 daAuts
     D:3: 568 daAuts
     D:2: 511 daAuts
